 Dungeon Crawl Stone Soup version 0.31-a0-640-g39d97e502b (webtiles) character file.

Game seed: 9181767639571664

13 arthad the Ruffian (level 2, -5/18 HPs)
             Began as an Octopode Shapeshifter on Aug 29, 2023.
             Slain by a gnoll
             ... wielding a +1 vampiric spear
              (8 damage)
             ... on level 1 of the Dungeon.
             The game lasted 00:00:39 (139 turns).

arthad the Ruffian (Octopode Shapeshifter)           Turns: 139, Time: 00:00:39

Health: -5/18      AC:  1    Str: 12    XL:     2   Next: 37%
Magic:  2/2        EV: 13    Int: 16    God:
Gold:   33         SH:  0    Dex: 10    Spells: 1/1 levels left

rFire   . .          .
                       - Unarmed
rCold   . . .        (no shield)
rNeg    . . .        (helmet currently unavailable)
rPois   .            (no amulet)
rElec   .            (no ring)
rCorr   .            (no ring)
SInv    .            (no ring)
Will    .....        (no ring)
Stlth   ++           (no ring)
HPRegen 0.23/turn    (no ring)
MPRegen 0.08/turn    (no ring)
                     (no ring)

%: no passive effects
@: beast-form
A: beast (slay +1), almost no armour, amphibious, 8 rings, camouflage 1,
gelatinous body 1, (nimble swimmer 1), tentacles, tentacle spike 1, clever 1
a: Begin Untransformation


You were on level 1 of the Dungeon.
You were a hulking beast.
You visited 1 branch of the dungeon, and saw 1 of its levels.

You collected 33 gold pieces.

Inventory:

Talismans
 b - a beast talisman (active)
 c - a flux talisman
Scrolls
 d - a scroll of identify {unknown}
 f - a scroll of torment {unknown}
Potions
 a - a potion of lignification


   Skills:
 * Level 1.3 Fighting
 * Level 2.2 Dodging
 + Level 0.5 Stealth
 * Level 3.2 Unarmed Combat
 + Level 0.2 Spellcasting
 + Level 3.0 Shapeshifting


You had one spell level left.
You didn't know any spells.
Your spell library contained the following spells:

 Spells                   Type           Power      Damage    Failure   Level
 Sublimation of Blood     Necr           0%         N/A       36%         2
 Flame Wave               Conj/Fire      0%         2d4       94%         4


Dungeon Overview and Level Annotations

Branches:
Dungeon (1/15)

Altars:


Innate Abilities, Weirdness & Mutations

You are a hulking beast.
Your limbs bulge with bestial killing power. (Slay +1)
You cannot wear most types of armour.
You are amphibious.
You can wear up to eight rings at the same time.
Your skin changes colour to match your surroundings (Stealth+).
Your rubbery body absorbs attacks. (AC +1, EV +1)
((You are camouflaged when in or above water. (Stealth+)))
You have tentacles for arms and can constrict up to eight enemies at once.
One of your tentacles bears a spike.
Your mind is acute. (Int +4, Str/Dex -1)


Message History

A giant cockroach comes into view.
Found a leather armour.
The frilled lizard misses you.
The gnoll shouts!
You tentacle-slap the frilled lizard.
You kill the frilled lizard!
The gnoll hits you with a +1 vampiric spear.
You tentacle-slap the gnoll but do no damage.
Your grab misses the gnoll. Your squeeze misses the gnoll.
The gnoll misses you.
An endoplasm comes into view.
You closely miss the gnoll.
The endoplasm quivers.
You grab the gnoll.
You constrict the gnoll, but do no damage.
The gnoll hits you with a +1 vampiric spear.
The giant cockroach misses you.
You tentacle-slap the gnoll.
The gnoll is heavily wounded.
You constrict the gnoll.
The gnoll hits you with a +1 vampiric spear.
* * * LOW HITPOINT WARNING * * *
A rat comes into view.
The giant cockroach bites you.
* * * LOW HITPOINT WARNING * * *
You are too injured to fight recklessly!
You are too injured to fight recklessly!
You are too injured to fight recklessly!
You are too injured to fight recklessly!
You are too injured to fight recklessly!
You are too injured to fight recklessly!
You are too injured to fight recklessly!
You are too injured to fight recklessly!
You are too injured to fight recklessly!
Okay, then.
It was a potion of mutation.
You feel extremely strange.
You feel clever.
One of your lower tentacles grows a sharp spike.
You constrict the gnoll.
The gnoll hits you with a +1 vampiric spear!
You die...

....... ## .. ....... .r
... ......J .# ....
.....#.##....
..........[. #....#
#..........
#....#.#..gB).....
.........h#......
#.......#......#
#####...### #.##...#
#.......# #.# ###
#.......#####.# ####. ...
..........[...# #... ...
.....>..##########.## ..#
## ......†.#
#........##..# # .
........####............#
..♣


You could see a gnoll, an endoplasm, a giant cockroach and a rat (wandering).

Vanquished Creatures
  2 dart slugs (D:1)
  A bat (D:1)
  An endoplasm (D:1)
  A hobgoblin (D:1)
  3 frilled lizards (D:1)
  A kobold (D:1)
  A rat (D:1)
10 creatures vanquished.

Notes
Turn   | Place    | Note
-------+----------+-------------------------------------------
     0 | D:1      | arthad the Octopode Shapeshifter began the quest for the
                  | Orb.
     0 | D:1      | Reached XP level 1. HP: 13/13 MP: 1/1
    49 | D:1      | Reached XP level 2. HP: 14/18 MP: 2/2
    73 | D:1      | Got the Atlas of Burnt Necromancy
   139 | D:1      | Gained mutation: Your mind is acute. (Int +4, Str/Dex -1)
                  | [potion of mutation]
   139 | D:1      | Gained mutation: One of your tentacles bears a spike.
                  | [potion of mutation]
   139 | D:1      | Slain by a gnoll

Illustrated notes

Levels and vault maps discovered:
D:1:      wander_arrival_fairy_ring, layout_basic, glass_columns_b

Action                     || total
---------------------------++-------
  Melee: Unarmed           ||    21
         Constrict         ||     6
         Tentacles         ||     2
    Use: Potion            ||     1
   Stab: Sleeping          ||     2
 Armour: Skin              ||     1
  Dodge: Dodged            ||    13

Table legend: (Time is in decaauts)
 A = Elapsed time spent in this place.
 B = Non-inter-level travel time spent in this place.
 C = Inter-level travel time spent in this place.
 D = Time resting spent in this place.
 E = Time spent auto-exploring this place.
 F = Levels seen in this place.
 G = Mean time per level.
                   A        B        C        D        E       F      G
               +--------+--------+--------+--------+--------+-----+--------+
         Total |    137 |    137 |      0 |      0 |     80 |   1 |  137.0 |
       Dungeon |    137 |    137 |      0 |      0 |     80 |   1 |  137.0 |
               +--------+--------+--------+--------+--------+-----+--------+

Top non-repeatable levels by time:
     D:1: 137 daAuts
